[Event "GAMMA Reykjavik Open 2019"]
[Site "Reykjavik"]
[Date "2019.04.09"]
[Round "2.31"]
[White "Sowray, Peter J"]
[Black "Bentel, Robin"]
[Result "0-1"]
[ECO "E83"]
[WhiteElo "2356"]
[BlackElo "2130"]
[Annotator "NA"]
[PlyCount "86"]
[EventDate "2019.04.04"]
[EventType "swiss"]
[EventCountry "ISL"]
[SourceTitle "playchess.com"]
[Source "ChessBase"]
[SourceQuality "1"]
[TimeControl "40/5400+30:1800+30"]

1. d4 Nf6 2. c4 g6 3. Nc3 Bg7 4. e4 d6 5. f3 O-O 6. Be3 c5 7. Nge2 Nc6 8. d5 Na5 9. Ng3 a6 10. Rc1 {[%emt 0:01:29] E83: King's Indian: Sämisch Panno (6...Nc6): Lines without either Nge2 or Qd2} e6 11. Be2 exd5 12. cxd5 b5 13. b3 Re8 14. Qd2 {[%emt 0:04:12] [#]} Nd7 $146 ({Predecessor:} 14... Bd7 15. O-O b4 {1-0 (47) Baldauf,M (2483)-Van Wely,L (2663) Germany 2017}) 15. Nd1 Ne5 16. O-O h5 17. f4 Ng4 18. Bxg4 Bxg4 19. e5 (19. Nf2 $16) 19... dxe5 20. f5 c4 $1 21. b4 Nb7 22. fxg6 fxg6 23. Qc2 e4 24. Nc3 Nd6 25. Bc5 Rc8 26. h3 Be5 {[%emt 0:02:07] [#]} 27. Bxd6 $1 Qxd6 28. Ncxe4 Qb6+ {[%emt 0:01:08] [#]} (28... Qxd5 $16 29. hxg4 Qd4+ 30. Rf2 Bxg3 31. Nxg3 {[%mdl 64] Discovered Attack} Qxg4) 29. Kh1 $1 Kg7 30. Qd2 Bxg3 31. Nxg3 Qe3 32. Qf2 Qxf2 33. Rxf2 h4 34. Nf1 Bf5 35. Rf4 Re2 36. Rc3 Re1 37. Kh2 Bd3 38. Nd2 Re2 39. Nf3 Rxa2 40. Nd4 g5 41. Rg4 Kf6 42. Nc6 Ra1 43. Rd4 $19 Re8 0-1

[Event "GAMMA Reykjavik Open 2019"]
[Site "Reykjavik"]
[Date "2019.04.09"]
[Round "3.18"]
[White "Bentel, Robin"]
[Black "Stefansson, Hannes"]
[Result "0-1"]
[ECO "D06"]
[WhiteElo "2130"]
[BlackElo "2558"]
[Annotator "ChessBase"]
[PlyCount "104"]
[EventDate "2019.04.04"]
[EventType "swiss"]
[EventCountry "ISL"]
[SourceTitle "playchess.com"]
[Source "ChessBase"]
[SourceQuality "1"]
[TimeControl "40/5400+30:1800+30"]

1. d4 d5 2. c4 Nc6 3. Nc3 Nf6 4. Nf3 dxc4 5. Bg5 Bg4 6. e3 e6 7. Bxc4 Be7 8. O-O O-O 9. h3 Bh5 10. Rc1 Nd5 11. Bxe7 Ncxe7 12. Be2 c6 13. a3 Bxf3 14. Bxf3 Nf5 15. Qb3 Rb8 16. Ne2 Nh4 17. Be4 f5 18. Bxd5 exd5 19. Nf4 Qe8 20. Qd1 g5 21. Qh5 Qxh5 22. Nxh5 Kf7 23. f4 Kg6 24. Ng3 Rbe8 25. Rc3 h6 26. Ne2 Kh7 27. g3 Ng6 28. Kf2 Nh8 29. Rb3 Re7 30. fxg5 hxg5 31. Kg2 Ng6 32. Ng1 Kh6 33. Rd3 f4 34. Ne2 Rfe8 35. gxf4 Rxe3 36. Rxe3 Rxe3 37. fxg5+ Kxg5 38. Kf2 Rb3 39. Rg1+ Kf6 40. Rb1 Rxh3 41. Ng3 Nh4 42. b4 Nf5 43. Nxf5 Kxf5 44. b5 Ke4 45. bxc6 bxc6 46. Rc1 Rh6 47. Rd1 Rh2+ 48. Kg3 Ra2 49. Rc1 Rxa3+ 50. Kf2 Ra6 51. Rd1 Ra4 52. Rc1 Rc4 0-1

[Event "GAMMA Reykjavik Open 2019"]
[Site "Reykjavik"]
[Date "2019.04.09"]
[Round "3.31"]
[White "Vaishali R"]
[Black "Maxion, Dirk"]
[Result "1-0"]
[ECO "A45"]
[WhiteElo "2353"]
[BlackElo "2110"]
[Annotator "RC"]
[PlyCount "109"]
[EventDate "2019.04.04"]
[EventType "swiss"]
[EventCountry "ISL"]
[SourceTitle "playchess.com"]
[Source "ChessBase"]
[SourceQuality "1"]
[TimeControl "40/5400+30:1800+30"]

1. d4 Nf6 2. Bg5 Ne4 3. h4 c5 4. dxc5 Qa5+ 5. Nd2 Nxg5 6. hxg5 Qxc5 7. Ngf3 g6 8. e3 Bg7 9. c3 d6 10. Ne4 Qb6 11. Qb3 Qxb3 12. axb3 Nc6 13. Bc4 Bf5 14. Ng3 Bd7 15. b4 O-O 16. Kd2 Rfc8 17. Rh4 a5 18. b5 Ne5 19. Bd5 Rc5 20. c4 Nxf3+ 21. Bxf3 Rxg5 22. Bxb7 Rb8 23. Ba6 d5 24. Rxa5 dxc4 25. Rxc4 Bxb2 26. Rb4 Rd5+ 27. Kc2 Be5 28. Ne4 f5 29. Nd2 Be6 30. Raa4 Rc5+ 31. Nc4 Bf6 32. b6 Bd7 33. Ra5 Rc6 34. b7 Be6 35. Kd3 Kg7 36. Ra3 Bd5 37. f3 e5 38. e4 fxe4+ 39. fxe4 Be6 40. Ra1 Be7 41. Rb2 Bc5 42. Ra5 Bd4 43. Rc2 Rd8 44. Ke2 Bg4+ 45. Ke1 Rf6 46. Rd5 Rdf8 47. Nd6 Bf2+ 48. Kd2 Ba7 49. Bb5 Rf2+ 50. Kc1 Be3+ 51. Kb2 Be6 52. Ne8+ Rxe8 53. Bxe8 Bxd5 54. Rxf2 Bd4+ 55. Ka3 1-0

[Event "GAMMA Reykjavik Open 2019"]
[Site "Reykjavik"]
[Date "2019.04.10"]
[Round "4.10"]
[White "Potkin, Vladimir"]
[Black "Bjornsson, Sigurbjorn"]
[Result "1-0"]
[ECO "A49"]
[WhiteElo "2597"]
[BlackElo "2312"]
[Annotator "RC"]
[PlyCount "89"]
[EventDate "2019.04.04"]
[EventType "swiss"]
[EventCountry "ISL"]
[SourceTitle "playchess.com"]
[Source "ChessBase"]
[SourceQuality "1"]
[TimeControl "40/5400+30:1800+30"]

1. d4 Nf6 2. Nf3 g6 3. g3 Bg7 4. Bg2 O-O 5. O-O d6 6. a4 a5 7. Re1 Ne4 8. c3 c6 9. Nbd2 Nxd2 10. Bxd2 e5 11. e4 Nd7 12. Qc2 Re8 13. Rad1 Qc7 14. Be3 Nf6 15. h3 Be6 16. Ng5 Bc8 17. Bf1 h6 18. Nf3 Be6 19. dxe5 dxe5 20. c4 b6 21. c5 bxc5 22. Bxc5 Nd7 23. Bd6 Qb7 24. Nd2 Nf8 25. Nc4 Bxc4 26. Bxc4 Ne6 27. Bxe6 Rxe6 28. Rd3 Bf8 29. Bxf8 Rxf8 30. Red1 Rb8 31. b3 Kg7 32. h4 h5 33. Rc3 Qb4 34. Rd7 Rf6 35. Kg2 Rb6 36. Rd8 Rb7 37. Qd3 Qb6 38. f3 Qb4 39. Qc2 Qb6 40. Rcd3 Qb4 41. Qc3 Qa3 42. Qxe5 Qa2+ 43. Rd2 Qxb3 44. Qe8 Qxf3+ 45. Kh2 1-0

[Event "GAMMA Reykjavik Open 2019"]
[Site "Reykjavik"]
[Date "2019.04.10"]
[Round "4.18"]
[White "Kanarek, Marcel"]
[Black "L'Ami, Alina"]
[Result "1-0"]
[ECO "E90"]
[WhiteElo "2505"]
[BlackElo "2290"]
[Annotator "ChessBase"]
[PlyCount "119"]
[EventDate "2019.04.04"]
[EventType "swiss"]
[EventCountry "ISL"]
[SourceTitle "playchess.com"]
[Source "ChessBase"]
[SourceQuality "1"]
[TimeControl "40/5400+30:1800+30"]

1. d4 Nf6 2. c4 g6 3. Nc3 Bg7 4. e4 d6 5. h3 O-O 6. Be3 c5 7. d5 e6 8. Bd3 exd5 9. exd5 a6 10. a4 Nbd7 11. Nf3 Re8 12. O-O Ne5 13. Nxe5 Rxe5 14. Bf4 Re8 15. Bh2 b6 16. Qf3 Ra7 17. g4 h5 18. g5 Nh7 19. h4 Bg4 20. Qg2 Qd7 21. Rfe1 Raa8 22. f3 Bh3 23. Qc2 Re7 24. Bg3 Rae8 25. Rxe7 Rxe7 26. Kh2 Be5 27. Ne2 Qc8 28. Nf4 Bd7 29. Kg2 Nf8 30. Ne2 Qe8 31. Kf2 b5 32. Bxe5 Rxe5 33. axb5 axb5 34. b3 Bf5 35. Ng3 Bxd3 36. Qxd3 bxc4 37. bxc4 Qb8 38. Rb1 Qa8 39. Ne4 Nd7 40. Kg3 Qa6 41. Re1 Qa5 42. Re2 Qa1 43. Kg2 Qa6 44. Qb3 Re8 45. Ra2 Qc8 46. Nxd6 Qb8 47. Qxb8 Rxb8 48. Ra7 Ne5 49. f4 Rb2+ 50. Kg3 Rb3+ 51. Kg2 Rb2+ 52. Kf1 Ng4 53. Ra8+ Kh7 54. Ne4 Kg7 55. d6 Ne3+ 56. Ke1 Ng2+ 57. Kd1 Ne3+ 58. Kc1 Rc2+ 59. Kb1 Rxc4 60. Nf6 1-0

[Event "GAMMA Reykjavik Open 2019"]
[Site "Reykjavik"]
[Date "2019.04.10"]
[Round "4.21"]
[White "Kevlishvili, Robby"]
[Black "Jaksland, Tim"]
[Result "1-0"]
[ECO "B38"]
[WhiteElo "2451"]
[BlackElo "2222"]
[Annotator "RC"]
[PlyCount "75"]
[EventDate "2019.04.04"]
[EventType "swiss"]
[EventCountry "ISL"]
[SourceTitle "playchess.com"]
[Source "ChessBase"]
[SourceQuality "1"]
[TimeControl "40/5400+30:1800+30"]

1. e4 c5 2. Nf3 g6 3. c4 Bg7 4. d4 cxd4 5. Nxd4 Nc6 6. Be3 Nf6 7. Nc3 O-O 8. Be2 b6 9. O-O Bb7 10. f3 e6 11. Qd2 d5 12. Nxc6 Bxc6 13. cxd5 exd5 14. e5 Ne8 15. f4 f6 16. Bd4 Qe7 17. Bf3 Rd8 18. Rae1 fxe5 19. Bxe5 Bxe5 20. Rxe5 Qc5+ 21. Kh1 Nf6 22. f5 Qc4 23. Be2 Qh4 24. Rf4 Ne4 25. Nxe4 dxe4 26. Qc1 Qh6 27. Qc4+ Kh8 28. Qc3 Qg7 29. f6 Qd7 30. Re7 Qd2 31. Rxh7+ Kxh7 32. Rh4+ Kg8 33. f7+ Kxf7 34. Bc4+ Bd5 35. Qxd2 Bxc4 36. Qc2 Kg7 37. Qc3+ Rf6 38. h3 1-0

[Event "GAMMA Reykjavik Open 2019"]
[Site "Reykjavik"]
[Date "2019.04.10"]
[Round "4.23"]
[White "Korley, Kassa"]
[Black "Esbensen, Arnt"]
[Result "1-0"]
[ECO "A55"]
[WhiteElo "2440"]
[BlackElo "2176"]
[Annotator "RC"]
[PlyCount "81"]
[EventDate "2019.04.04"]
[EventType "swiss"]
[EventCountry "ISL"]
[SourceTitle "playchess.com"]
[Source "ChessBase"]
[SourceQuality "1"]
[TimeControl "40/5400+30:1800+30"]

1. d4 d6 2. Nf3 Nf6 3. c4 Nbd7 4. Nc3 e5 5. e4 Be7 6. g3 O-O 7. Bg2 c6 8. O-O a6 9. a4 Re8 10. a5 b5 11. axb6 Qxb6 12. c5 Qc7 13. cxd6 Bxd6 14. Qc2 Rb8 15. Rd1 c5 16. dxe5 Nxe5 17. Rxd6 Nxf3+ 18. Bxf3 Qxd6 19. Bf4 Qb6 20. Bxb8 Qxb8 21. Na4 Nd7 22. Be2 Qe5 23. Nc3 Qe6 24. f3 Bb7 25. Rd1 h5 26. Nd5 Bxd5 27. Rxd5 h4 28. gxh4 Qh3 29. Qc3 Nf8 30. Rg5 Ng6 31. Rg3 Qxh4 32. Bxa6 Qh6 33. Bc4 Rd8 34. Bd5 Nf4 35. Qa5 Rd6 36. Qc7 Nxd5 37. Qc8+ Kh7 38. Rh3 Nf4 39. Rxh6+ gxh6 40. Qf5+ Rg6+ 41. Kf1 1-0

[Event "GAMMA Reykjavik Open 2019"]
[Site "Reykjavik"]
[Date "2019.04.10"]
[Round "4.24"]
[White "Astaneh Lopez, Alex"]
[Black "Obrien, Matthew"]
[Result "1-0"]
[ECO "A39"]
[WhiteElo "2427"]
[BlackElo "2110"]
[Annotator "NA"]
[PlyCount "59"]
[EventDate "2019.04.04"]
[EventType "swiss"]
[EventCountry "ISL"]
[SourceTitle "playchess.com"]
[Source "ChessBase"]
[SourceQuality "1"]
[TimeControl "40/5400+30:1800+30"]

1. d4 Nf6 2. c4 g6 3. Nf3 Bg7 4. g3 O-O 5. Bg2 d6 $14 6. O-O Nc6 7. Nc3 Bf5 8. d5 Na5 9. Nd4 Bd7 10. b3 c5 11. dxc6 Nxc6 12. Bb2 Qa5 13. Nc2 Qh5 14. e4 Bg4 15. f3 Be6 16. Nd5 Bxd5 17. cxd5 Ne5 18. Bd4 g5 19. Ne3 g4 20. Nf5 e6 21. Nxg7 Kxg7 22. f4 Ned7 23. e5 Nxd5 24. Bxd5 exd5 25. e6+ Nf6 26. e7 Rfe8 27. Bxf6+ Kxf6 28. Qd4+ Kg6 29. f5+ Kh6 30. Qf6+ 1-0

[Event "GAMMA Reykjavik Open 2019"]
[Site "Reykjavik"]
[Date "2019.04.10"]
[Round "4.25"]
[White "Yoo, Christopher Woojin"]
[Black "Hardarson, Petur Palmi"]
[Result "1-0"]
[ECO "B94"]
[WhiteElo "2414"]
[BlackElo "1808"]
[Annotator "NA"]
[PlyCount "69"]
[EventDate "2019.04.04"]
[EventType "swiss"]
[EventCountry "ISL"]
[SourceTitle "playchess.com"]
[Source "ChessBase"]
[SourceQuality "1"]
[TimeControl "40/5400+30:1800+30"]

1. e4 c5 2. Nf3 d6 3. d4 cxd4 4. Nxd4 Nf6 5. Nc3 a6 6. Nb3 e5 7. Bg5 Be7 8. Bxf6 Bxf6 9. Qd3 Be6 10. O-O-O Be7 11. Nd5 Bxd5 12. Qxd5 Qc7 13. Kb1 O-O 14. Na5 Nc6 15. Nc4 Rfd8 16. Ne3 Bg5 17. Nf5 Ne7 18. Nxe7+ Bxe7 19. Bc4 Bf6 20. Qd3 Rac8 21. Bd5 b5 22. h4 a5 23. g4 g6 24. g5 Bg7 25. c3 b4 26. c4 Rb8 27. h5 b3 28. a3 Qa7 29. hxg6 hxg6 30. Qf3 Rdc8 31. Rh4 Rc5 32. Rdh1 Rxd5 33. cxd5 Qc7 34. Rh7 Qe7 35. Qh3 1-0

[Event "GAMMA Reykjavik Open 2019"]
[Site "Reykjavik"]
[Date "2019.04.10"]
[Round "4.26"]
[White "Abbas, Daniel"]
[Black "Eggleston, David J"]
[Result "0-1"]
[ECO "B51"]
[WhiteElo "2253"]
[BlackElo "2401"]
[Annotator "ChessBase"]
[PlyCount "114"]
[EventDate "2019.04.04"]
[EventType "swiss"]
[EventCountry "ISL"]
[SourceTitle "playchess.com"]
[Source "ChessBase"]
[SourceQuality "1"]
[TimeControl "40/5400+30:1800+30"]

1. e4 c5 2. Nf3 d6 3. Bb5+ Nd7 4. O-O Ngf6 5. Re1 a6 6. Bd3 e6 7. c3 Be7 8. Bc2 b5 9. d4 cxd4 10. cxd4 O-O 11. Nc3 Bb7 12. a3 Rc8 13. h3 Re8 14. Bd3 e5 15. d5 g6 16. Bd2 Bf8 17. b4 Nb6 18. a4 bxa4 19. Nxa4 Bg7 20. Nxb6 Qxb6 21. Be3 Qc7 22. Ra3 Nxd5 23. exd5 e4 24. Bxa6 exf3 25. Qxf3 Bxa6 26. Rxa6 Qb7 27. Ra4 Re5 28. Rd1 Rf5 29. Qe4 Qb5 30. Ra2 Re5 31. Qd3 Qxb4 32. Rc2 Rce8 33. Rc4 Qa5 34. Rc6 Bf8 35. Ra6 Qb4 36. Rb1 Rxd5 37. Qxg6+ hxg6 38. Rxb4 Bg7 39. Ra7 Be5 40. Bf4 Rd1+ 41. Kh2 Bd4 42. Rd7 Bxf2 43. Rxd6 Rf1 44. Rb2 Ra8 45. Be5 Bc5 46. Rd5 Bg1+ 47. Kg3 Rf5 48. Ra5 Re8 49. Rbb5 Bf2+ 50. Kh2 Be1 51. g4 Bxa5 52. gxf5 Rxe5 53. Rxe5 Bc7 54. fxg6 Bxe5+ 55. Kg2 fxg6 56. h4 Kg7 57. h5 g5 0-1

[Event "GAMMA Reykjavik Open 2019"]
[Site "Reykjavik"]
[Date "2019.04.10"]
[Round "4.27"]
[White "Salles, Louis"]
[Black "Tania, Sachdev"]
[Result "0-1"]
[ECO "C45"]
[WhiteElo "2221"]
[BlackElo "2397"]
[Annotator "NA"]
[PlyCount "54"]
[EventDate "2019.04.04"]
[EventType "swiss"]
[EventCountry "ISL"]
[SourceTitle "playchess.com"]
[Source "ChessBase"]
[SourceQuality "1"]
[TimeControl "40/5400+30:1800+30"]

1. e4 e5 2. Nf3 Nc6 3. d4 exd4 4. Nxd4 Nf6 5. Nxc6 bxc6 6. e5 Qe7 7. Qe2 Nd5 8. c4 Ba6 9. Nd2 O-O-O 10. b3 f6 11. Qe4 Nb6 12. Bb2 fxe5 13. O-O-O Re8 14. Nf3 Bb7 15. Nxe5 g5 16. Bd3 Bg7 17. Rhe1 Rhf8 18. Qe2 Qc5 19. f4 Rxf4 20. Qh5 Rff8 21. Qxg5 Bf6 22. Qg3 Rg8 23. Qf4 Bg5 24. Qxg5 Rxg5 25. Nxd7 Rxe1 26. Nxc5 Rxd1+ 27. Kxd1 Rxc5 0-1

[Event "GAMMA Reykjavik Open 2019"]
[Site "Reykjavik"]
[Date "2019.04.10"]
[Round "4.28"]
[White "Le Goff, Ronan"]
[Black "Vaishali R"]
[Result "1-0"]
[ECO "A13"]
[WhiteElo "2186"]
[BlackElo "2353"]
[Annotator "NA"]
[PlyCount "61"]
[EventDate "2019.04.04"]
[EventType "swiss"]
[EventCountry "ISL"]
[SourceTitle "playchess.com"]
[Source "ChessBase"]
[SourceQuality "1"]
[TimeControl "40/5400+30:1800+30"]

1. Nf3 d5 2. e3 Nf6 3. c4 e6 4. b3 c5 5. Bb2 Nc6 6. cxd5 exd5 7. Be2 Bd6 8. O-O O-O 9. Nc3 Re8 10. Rc1 Bg4 11. Na4 Nd7 12. h3 Bh5 13. d4 cxd4 14. Nxd4 Bxe2 15. Qxe2 Nxd4 16. Bxd4 Ne5 17. Rfd1 Qh4 18. Nc3 Nc6 19. Nb5 Re6 20. Qg4 Qxg4 21. hxg4 Be5 22. Bxe5 Rxe5 23. Nd4 Rc8 24. Nf3 Re4 25. Rxd5 Rxg4 26. Ne5 Rb4 27. Nxc6 bxc6 28. Rxc6 Ra8 29. Rc7 a6 30. Ra7 Rbb8 31. Rdd7 1-0

[Event "GAMMA Reykjavik Open 2019"]
[Site "Reykjavik"]
[Date "2019.04.10"]
[Round "4.29"]
[White "Finnbogadottir, Tinna Kristin"]
[Black "Borocz, Istvan"]
[Result "0-1"]
[ECO "B13"]
[WhiteElo "1849"]
[BlackElo "2350"]
[Annotator "NA"]
[PlyCount "70"]
[EventDate "2019.04.04"]
[EventType "swiss"]
[EventCountry "ISL"]
[SourceTitle "playchess.com"]
[Source "ChessBase"]
[SourceQuality "1"]
[TimeControl "40/5400+30:1800+30"]

1. e4 c6 2. Nf3 d5 3. exd5 cxd5 4. d4 Nf6 5. Bd3 Nc6 6. c3 Bg4 7. Bf4 Qb6 8. b4 e6 9. O-O Rc8 10. Qb3 Bxf3 11. gxf3 Be7 12. Nd2 O-O 13. Kh1 Nh5 14. Bg3 Bg5 15. Qd1 Nf4 16. Bc2 Ne7 17. Nb1 Neg6 18. Qd2 Qd8 19. h4 Bh6 20. Qe3 Qf6 21. Nd2 Nxh4 22. Rg1 Nfg6 23. f4 Nxf4 24. Nf1 Nfg6 25. Qd3 Qf3+ 26. Qxf3 Nxf3 27. Rg2 Rxc3 28. Ba4 Nxd4 29. Nh2 Rfc8 30. Ng4 Rc1+ 31. Rxc1 Rxc1+ 32. Kh2 Nf3+ 33. Kh3 Rh1+ 34. Nh2 f5 35. Bb5 Ng5# 0-1

[Event "GAMMA Reykjavik Open 2019"]
[Site "Reykjavik"]
[Date "2019.04.11"]
[Round "5.4"]
[White "Cornette, Matthieu"]
[Black "Lupulescu, Constantin"]
[Result "0-1"]
[ECO "B12"]
[WhiteElo "2556"]
[BlackElo "2634"]
[Annotator "RC"]
[PlyCount "78"]
[EventDate "2019.04.04"]
[EventType "swiss"]
[EventCountry "ISL"]
[SourceTitle "playchess.com"]
[Source "ChessBase"]
[SourceQuality "1"]
[TimeControl "40/5400+30:1800+30"]

1. e4 c6 2. d4 d5 3. e5 c5 4. dxc5 e6 5. a3 Bxc5 6. Nf3 Ne7 7. Bd3 Ng6 8. O-O Qc7 9. Re1 O-O 10. h4 Nc6 11. b4 Be7 12. Bb2 f5 13. g3 a6 14. h5 Nh8 15. c4 dxc4 16. Bxc4 b5 17. Bb3 Nf7 18. Nc3 Qb7 19. Qe2 Bd7 20. Rad1 Rad8 21. Qe3 Bc8 22. Ne2 h6 23. Nf4 Bg5 24. Qc3 Bxf4 25. gxf4 Rxd1 26. Rxd1 Rd8 27. Rc1 Bd7 28. Nh4 Ne7 29. Rd1 Bc6 30. Rxd8+ Nxd8 31. Qc5 Kf7 32. Qd6 Bd5 33. Bxd5 Qxd5 34. Bd4 Ndc6 35. Bc5 Ke8 36. Kh2 Qxd6 37. exd6 Nd5 38. Ng6 Nf6 39. Nf8 Kxf8 0-1

[Event "GAMMA Reykjavik Open 2019"]
[Site "Reykjavik"]
[Date "2019.04.11"]
[Round "5.26"]
[White "Thorfinnsson, Bjorn"]
[Black "Munshi, Aditya"]
[Result "1-0"]
[ECO "D03"]
[WhiteElo "2399"]
[BlackElo "2113"]
[Annotator "NA"]
[PlyCount "53"]
[EventDate "2019.04.04"]
[EventType "swiss"]
[EventCountry "ISL"]
[SourceTitle "playchess.com"]
[Source "ChessBase"]
[SourceQuality "1"]
[TimeControl "40/5400+30:1800+30"]

1. d4 Nf6 2. Nf3 e6 3. Bg5 d5 4. e3 h6 5. Bh4 c6 6. Nbd2 Nbd7 7. Ne5 Be7 8. f4 Nxe5 9. fxe5 Nd7 10. Bg3 Bh4 11. Qg4 Bxg3+ 12. hxg3 g6 13. Bd3 h5 14. Qf4 b6 15. Nf3 a5 16. O-O-O Ba6 17. Bxa6 Rxa6 18. g4 Qe7 19. gxh5 Rxh5 20. g4 Rxh1 21. Rxh1 Nf8 22. Rh8 Ra8 23. Ng5 Rc8 24. Rg8 c5 25. dxc5 bxc5 26. Qa4+ Qd7 27. Rxf8+ 1-0

[Event "GAMMA Reykjavik Open 2019"]
[Site "Reykjavik"]
[Date "2019.04.11"]
[Round "5.30"]
[White "Alashtar, Aasef"]
[Black "Sowray, Peter J"]
[Result "0-1"]
[ECO "A48"]
[WhiteElo "1905"]
[BlackElo "2356"]
[Annotator "NA RC"]
[PlyCount "86"]
[EventDate "2019.04.04"]
[EventType "swiss"]
[EventCountry "ISL"]
[SourceTitle "playchess.com"]
[Source "ChessBase"]
[SourceQuality "1"]
[TimeControl "40/5400+30:1800+30"]

1. b3 d6 2. Bb2 Nd7 3. d4 Ngf6 4. Nf3 g6 5. Nbd2 Bg7 6. e3 O-O 7. Bd3 {[%emt 0:01:18] A48: 1 d4 Nf6 2 Nf3 g6: Torre, London and Colle Systems} (7. Be2 c5 8. O-O b6 9. c4 e6 10. dxc5 bxc5 11. Qc2 Bb7 12. Rfd1 h6 13. Bd3 Re8 14. Rab1 Qc7 15. Ne4 Rad8 16. h3 {0-1 (122) Camacho Collados,M (2451)-Spraggett,K (2561) Lisbon 2014}) 7... e5 8. dxe5 Ng4 9. O-O Ndxe5 10. Nxe5 Nxe5 11. Rb1 Nxd3 12. cxd3 Be6 $146 ({Predecessor:} 12... b6 13. Bxg7 Kxg7 14. Qc2 Bb7 15. e4 Rc8 16. Qc3+ Kg8 17. Rbe1 {0-1 (48) Putrenko,K (1876)-Samoun,F (2321) St Petersburg 2017}) 13. Qf3 c6 14. Bxg7 Kxg7 15. Qg3 Qe7 16. e4 Rad8 17. d4 f5 18. Qc3 Bc8 19. Rfe1 fxe4 20. Rxe4 Qf6 21. Qe3 Rf7 22. Re1 Rdf8 23. f3 Bf5 24. Re7 Rxe7 25. Qxe7+ Qxe7 26. Rxe7+ Rf7 27. Re8 Rf8 28. Rxf8 $11 Kxf8 29. g4 Be6 30. Kf2 Ke7 31. Ke3 a5 32. a3 c5 33. h4 Kd7 34. Kd3 b5 35. Kc3 Kc6 36. dxc5 dxc5 37. Kd3 Bxb3 38. Nxb3 c4+ 39. Kc3 cxb3 40. Kxb3 Kd5 41. f4 Ke4 42. f5 gxf5 43. g5 Kf4 0-1

[Event "GAMMA Reykjavik Open 2019"]
[Site "Reykjavik"]
[Date "2019.04.13"]
[Round "6.1"]
[White "Hovhannisyan, Robert"]
[Black "Firouzja, Alireza"]
[Result "1/2-1/2"]
[ECO "B92"]
[WhiteElo "2630"]
[BlackElo "2669"]
[Annotator "RC"]
[PlyCount "62"]
[EventDate "2019.04.04"]
[EventType "swiss"]
[EventCountry "ISL"]
[SourceTitle "playchess.com"]
[Source "ChessBase"]
[SourceQuality "1"]
[TimeControl "40/5400+30:1800+30"]

1. e4 c5 2. Nf3 d6 3. d4 cxd4 4. Nxd4 Nf6 5. Nc3 a6 6. Be2 e5 7. Nf3 Be7 8. Bg5 Be6 9. Bxf6 Bxf6 10. O-O O-O 11. Nd5 Nd7 12. Bc4 Rc8 13. Qe2 Nb6 14. Nxb6 Qxb6 15. Bb3 Qc6 16. c3 d5 17. exd5 Bxd5 18. Bxd5 Qxd5 19. Rfd1 Qc6 20. Rd2 Rfe8 21. Rad1 Qa4 22. b3 Qf4 23. g3 Qf5 24. c4 h5 25. Ne1 h4 26. Ng2 hxg3 27. hxg3 Bg5 28. Ne3 Bxe3 29. Qxe3 Re6 30. Rd5 Rce8 31. Qd3 Qg4 1/2-1/2

[Event "GAMMA Reykjavik Open 2019"]
[Site "Reykjavik"]
[Date "2019.04.13"]
[Round "6.11"]
[White "Tomazini, Zan"]
[Black "Fier, Alexandr"]
[Result "0-1"]
[ECO "B22"]
[WhiteElo "2390"]
[BlackElo "2570"]
[Annotator "ChessBase"]
[PlyCount "78"]
[EventDate "2019.04.04"]
[EventType "swiss"]
[EventCountry "ISL"]
[SourceTitle "playchess.com"]
[Source "ChessBase"]
[SourceQuality "1"]
[TimeControl "40/5400+30:1800+30"]

1. e4 c5 2. Nf3 Nc6 3. c3 Nf6 4. e5 Nd5 5. d4 cxd4 6. cxd4 d6 7. Bc4 Nb6 8. Bb3 dxe5 9. d5 Na5 10. Nc3 f6 11. O-O Nxb3 12. Qxb3 e6 13. dxe6 Qd6 14. Nb5 Qc6 15. Re1 a6 16. Nbd4 exd4 17. e7 Bxe7 18. Bf4 Nc4 19. Nxd4 Qc5 20. Rac1 b5 21. Qf3 Qxd4 22. Qxa8 O-O 23. Rxe7 Qxf4 24. Qd5+ Kh8 25. Rd1 h6 26. b3 Ne5 27. h3 Bf5 28. Rd4 Qc1+ 29. Kh2 Qe1 30. Rf4 Qb1 31. Ra7 Rc8 32. Rxa6 Rc1 33. Ra8+ Kh7 34. g4 Be6 35. Qb7 Nc6 36. Rxf6 Rh1+ 37. Kg3 Qg1+ 38. Kf3 Bd5+ 39. Ke3 Qc1+ {[%emt 0:00:07] Kd4 [%emt 00:00:08]} 0-1

[Event "GAMMA Reykjavik Open 2019"]
[Site "Reykjavik"]
[Date "2019.04.13"]
[Round "6.14"]
[White "Ragnarsson, Dagur"]
[Black "Cornette, Matthieu"]
[Result "1-0"]
[ECO "E32"]
[WhiteElo "2380"]
[BlackElo "2556"]
[Annotator "ChessBase"]
[PlyCount "145"]
[EventDate "2019.04.04"]
[EventType "swiss"]
[EventCountry "ISL"]
[SourceTitle "playchess.com"]
[Source "ChessBase"]
[SourceQuality "1"]
[TimeControl "40/5400+30:1800+30"]

1. d4 Nf6 2. c4 e6 3. Nc3 Bb4 4. Qc2 O-O 5. Bg5 h6 6. Bxf6 Qxf6 7. a3 Bxc3+ 8. Qxc3 d6 9. e3 Nc6 10. Bd3 e5 11. Ne2 exd4 12. exd4 a5 13. O-O a4 14. Rad1 Re8 15. Qc2 Bd7 16. Be4 Na5 17. Nc3 Qd8 18. c5 Qb8 19. Bd5 Qa7 20. Ne4 Be6 21. Bxe6 Rxe6 22. d5 Rg6 23. cxd6 cxd6 24. Qxa4 Qa6 25. Rc1 b5 26. Qb4 Nc4 27. Nc3 Qc8 28. Ne2 Rb8 29. Ng3 Qd8 30. Rfe1 Ne5 31. Rc3 Qb6 32. Nf5 Rf6 33. Qe4 Re8 34. Ree3 g6 35. Qd4 Rb8 36. Qxb6 Rxb6 37. Nxd6 b4 38. Rc8+ Kh7 39. a4 Ng4 40. Ne4 Rxf2 41. Nxf2 Nxe3 42. Rc6 Nxd5 43. Rxb6 Nxb6 44. a5 Nd5 45. Nd3 Kg7 46. a6 b3 47. a7 Nc7 48. Kf2 Kf6 49. Ke3 Ke6 50. Nc5+ Kd5 51. Nxb3 Kc6 52. Ke4 f6 53. Nd4+ Kb7 54. Nf3 Kxa7 55. Nh4 g5 56. Nf5 h5 57. Ng7 h4 58. Nh5 Ne6 59. Nxf6 Kb6 60. Ke5 Nc5 61. Kf5 Nd3 62. Kxg5 Ne1 63. Nd5+ Kc5 64. Nf4 h3 65. gxh3 Nf3+ 66. Kf5 Nxh2 67. h4 Nf1 68. h5 Ng3+ 69. Kg6 Nxh5 70. Kxh5 Kc4 71. Kg4 Kb3 72. Nd3 Kc2 73. b4 1-0

[Event "GAMMA Reykjavik Open 2019"]
[Site "Reykjavik"]
[Date "2019.04.13"]
[Round "6.19"]
[White "Mai, Alexander Oliver"]
[Black "Tang, Andrew"]
[Result "0-1"]
[ECO "C48"]
[WhiteElo "2003"]
[BlackElo "2501"]
[Annotator "ChessBase"]
[PlyCount "82"]
[EventDate "2019.04.04"]
[EventType "swiss"]
[EventCountry "ISL"]
[SourceTitle "playchess.com"]
[Source "ChessBase"]
[SourceQuality "1"]
[TimeControl "40/5400+30:1800+30"]

1. e4 e5 2. Nf3 Nc6 3. Nc3 Nf6 4. Bb5 Bc5 5. O-O O-O 6. Nxe5 Nxe5 7. d4 Bd6 8. f4 Neg4 9. e5 Bb4 10. f5 Re8 11. exf6 Nxf6 12. Bg5 c6 13. Bd3 h6 14. Bh4 d5 15. Qf3 Bd7 16. Ne2 Be7 17. c3 Nh7 18. Bxe7 Qxe7 19. Ng3 Nf6 20. h3 Qe3+ 21. Qxe3 Rxe3 22. Rf3 Rxf3 23. gxf3 Ne8 24. Kf2 Nd6 25. Ke3 Kf8 26. Kf4 Re8 27. Rg1 Re7 28. h4 b6 29. Rg2 Re1 30. Re2 Ra1 31. a3 Rg1 32. Rd2 f6 33. Re2 c5 34. dxc5 bxc5 35. Rd2 Bc6 36. Be2 Nf7 37. Nf1 Ne5 38. Ne3 g5+ 39. fxg6 Nxg6+ 40. Kf5 Kf7 41. Ng4 Bd7# 0-1